 Dungeon Crawl Stone Soup version 0.30-b1-2-g02819fbbbe (webtiles) character file.

Game seed: 17124299055709675838

70 Fartwhistle the Changer (level 4, -2/28 HPs)
             Began as an Octopode Transmuter on May 25, 2023.
             Killed by divine providence
             ... invoked by an orc priest
              (12 damage)
             ... on level 3 of the Dungeon.
             The game lasted 00:05:03 (2693 turns).

Fartwhistle the Changer (Octopode Transmuter)       Turns: 2693, Time: 00:05:04

Health: -2/28      AC:  5    Str:  9    XL:     4   Next: 22%
Magic:  2/8        EV: 13    Int: 17    God:
Gold:   116        SH:  0    Dex: 12    Spells: 4/8 levels left

rFire   . .          .
                       - Unarmed
rCold   . . .        (no shield)
rNeg    . . .        (helmet restricted)
rPois   .            (no amulet)
rElec   .            c - +4 ring of protection
rCorr   .            (no ring)
SInv    .            (no ring)
Will    .....        (no ring)
Stlth   ++           (no ring)
HPRegen 0.24/turn    (no ring)
MPRegen 0.11/turn    (no ring)
                     (no ring)

%: no passive effects
@: very slightly contaminated
A: almost no armour, amphibious, 8 rings, camouflage 1, gelatinous body 1,
(nimble swimmer 1), tentacles
a: no special abilities


You were on level 3 of the Dungeon.
You visited 1 branch of the dungeon, and saw 4 of its levels.

You collected 116 gold pieces.

Inventory:

Missiles
 q - 3 javelins
Jewellery
 c - a +4 ring of protection (left tentacle)
 m - an amulet of guardian spirit
Scrolls
 b - 3 scrolls of immolation {unknown}
 d - a scroll of poison {unknown}
 f - 4 scrolls of identify {unknown}
 g - a scroll of torment {unknown}
 h - a scroll of enchant weapon {unknown}
 k - a scroll of butterflies {unknown}
 n - a scroll of fog {unknown}
 o - a scroll of teleportation {unknown}
 p - a scroll of fear {unknown}
Potions
 a - a potion of heal wounds {unknown}
 e - a potion of curing {unknown}
 i - a potion of magic {unknown}
 j - a potion of attraction {unknown}
 l - a potion of degeneration {unknown}


   Skills:
 - Level 1.2 Fighting
 - Level 2.1 Dodging
 - Level 3.1 Unarmed Combat
 + Level 2.6 Spellcasting
 * Level 3.4 Transmutations
 + Level 0.3 Poison Magic


You had 4 spell levels left.
You knew the following spells:

 Your Spells              Type           Power      Damage    Failure   Level
a - Beastly Appendage     Tmut           28%        N/A       4%          1
b - Spider Form           Tmut/Pois      8%         N/A       26%         3

Your spell library contained the following spells:

 Spells                   Type           Power      Damage    Failure   Level
 Wereblood                Tmut           14%        N/A       7%          2
 Ice Form                 Ice/Tmut       8%         N/A       65%         4


Dungeon Overview and Level Annotations

Branches:
Dungeon (4/15)
 Temple: D:4-7

Altars:


Innate Abilities, Weirdness & Mutations

You cannot wear most types of armour.
You are amphibious.
You can wear up to eight rings at the same time.
Your skin changes colour to match your surroundings (Stealth+).
Your rubbery body absorbs attacks. (AC +1, EV +1)
((You are camouflaged when in or above water. (Stealth+)))
You have tentacles for arms and can constrict up to eight enemies at once.


Message History

You start resting.
Magic restored.
You start resting.
Your tentacle spike disappears.
HP restored.
You climb downwards.
The orc priest casts a cantrip, but nothing happens.
There is a stone staircase leading up here.
The orc priest invokes the aid of Beogh against you.
Pain shoots through your body!
Casting: Beastly Appendage (safe; 4% risk of failure)
Confirm with . or Enter, or press ? or * to list all spells.
The spell is quite dangerous to miscast (26% risk of failure)!
Continue anyway?
You miscast Spider Form.
You are very lightly contaminated with residual magic.
Nothing appears to happen.
The orc priest looks satisfied for a moment.
Casting: Spider Form (quite dangerous; 26% risk of failure)
Confirm with . or Enter, or press ? or * to list all spells.
The spell is quite dangerous to miscast (26% risk of failure)!
Continue anyway?
You miscast Spider Form.
You feel odd.
You are poisoned.
You feel sick.
You feel sick. The orc priest closely misses you.
You climb upwards.
You feel sick.
There is a stone staircase leading down here.
You tentacle-slap the orc priest but do no damage.
You grab the orc priest. You constrict the orc priest.
You feel sick.
You are no longer poisoned.
The orc priest hits you but does no damage.
You tentacle-slap the orc priest but do no damage.
You tentacle-slap the orc priest. You squeeze the orc priest!
The orc priest is severely wounded.
You constrict the orc priest.
The orc priest hits you with a +0 flail.
You tentacle-slap the orc priest but do no damage.
The orc priest is severely wounded.
You constrict the orc priest.
The orc priest mumbles some strange prayers to Beogh against you.
Beogh smites you!
You die...

##### ....#
###.##################
...............o@....#
##.....#########.###.#
###..#.# #.# #.#
.##..#.# #.# #.#
.##....# #.# #.#
.###.### #.# #.# .#
#)# #.# #.# .# #.# #.#
#.# .# #.# #)# #.#


You could see an orc priest.

Vanquished Creatures
  An adder (D:2)
  2 worms
  3 dart slugs
  4 orcs
  4 ball pythons
  4 bats
  3 endoplasms
  2 giant cockroaches
  4 goblins
  3 hobgoblins
  5 kobolds
  2 quokkas
  7 rats
44 creatures vanquished.

Notes
Turn   | Place    | Note
-------+----------+-------------------------------------------
     0 | D:1      | Fartwhistle the Octopode Transmuter began the quest for the
                  | Orb.
     0 | D:1      | Reached XP level 1. HP: 13/13 MP: 3/3
   184 | D:1      | Reached XP level 2. HP: 12/18 MP: 3/5
   646 | D:2      | Reached XP level 3. HP: 4/23 MP: 6/6
  1011 | D:2      | Learned a level 3 spell: Spider Form
  1172 | D:2      | Found a faded altar of an unknown god.
  1975 | D:3      | Reached XP level 4. HP: 28/28 MP: 3/7
  2693 | D:3      | Killed from afar by an orc priest

Illustrated notes

Levels and vault maps discovered:
D:1:      minmay_arrival_hallway, layout_loops_ring
D:2:      layout_rooms, hellmonk_ecumenical_altar_heavens_door
D:3:      layout_basic
D:4:      layout_basic

Skill      XL: |  1  2  3 |
---------------+----------+-----
Transmutations | 3 |  3.4
Fighting       | |  1.2
Dodging        | |  2.1
Unarmed Combat | |  3.1
Spellcasting   | |  2.6
Poison Magic   | |  0.3

Action                     |  1- 3 |  4- 6 || total
---------------------------+-------+-------++-------
  Melee: Unarmed           |    94 |    21 ||   115
         Constrict         |    23 |     6 ||    29
         Tentacles         |    21 |     7 ||    28
         Kick              |     9 |     2 ||    11
         Punch             |     1 |     2 ||     3
   Cast: Beastly Appendage |     5 |     1 ||     6
         Spider Form       |     1 |       ||     1
    Use: Potion            |     1 |       ||     1
   Stab: Sleeping          |     3 |       ||     3
 Armour: Skin              |    15 |     2 ||    17
  Dodge: Dodged            |    56 |     7 ||    63
